[Event "*** Titled Tuesday Blitz"]
[Site "Chess.com"]
[Date "2018.10.02"]
[Round "1"]
[White "Aygehovit1992"]
[Black "Rashad_Zeynalli"]
[Result "1-0"]
[WhiteElo "2655"]
[BlackElo "2341"]
[TimeControl "180+2"]
[EndTime "13:08:23 PDT"]
[Termination "Aygehovit1992 won by checkmate"]

1. e4 c5 2. Nf3 g6 3. c3 d6 4.
d4 Nf6 5. Bd3 Bg7 6. O-O O-O 7. h3 Na6 8. e5 dxe5 9. dxe5 Nd5 10. Na3 Nac7 11. Be4 f5 12. exf6 Nxf6 13. Qxd8 Rxd8 14.
Bc2 Bf5 15. Bxf5 gxf5 16. Bf4 Ncd5 17. Be5 Ne4 18. Rad1 Kf7 19. Rfe1 Bxe5 20. Nxe5+ Kf6 21. f3 Ng3 22. Kf2 Nh5 23. g4 Nhf4 24. h4 Nb6 25. g5+ Kg7 26. Nb5 Rd5 27. Rxd5 Nfxd5 28. c4 Nb4 29. a3 Nc2 30. Rd1 a6 31. Nc3 Nd4 32. Ne2 Nxe2 33. Kxe2 Na4 34. Rd7 Nxb2 35. Rxe7+ Kg8 36. Rxb7 Re8 37. Rxb2 Rxe5+ 38. Kf2 Re6 39. Kg3 Rd6 40. Kf4 Rd4+ 41. Kxf5 Rxh4 42. f4 Rh3 43. Rb8+ Kf7 44. Rb7+ Kg8 45. Kf6 h6 46. Rb8+ Kh7 47. g6# 1-0

[Event "*** Titled Tuesday Blitz"]
[Site "Chess.com"]
[Date "2018.10.02"]
[Round "1"]
[White "JonahWillow"]
[Black "EmreDedebas"]
[Result "1-0"]
[WhiteElo "2711"]
[BlackElo "2383"]
[TimeControl "180+2"]
[EndTime "13:08:26 PDT"]
[Termination "JonahWillow won by resignation"]

1. e4 e5 2. Nf3 Nc6 3. Nc3 Nf6 4.
Bb5 Bb4 5. O-O O-O 6. d3 d6 7. Bg5 Bxc3 8. bxc3 Bd7 9. Rb1 h6 10. Bh4 a6 11. Ba4 b5 12. Bb3 Na5 13. Re1 Nxb3 14.
axb3 Qe7 15. d4 Bg4 16. h3 Bh5 17. g4 Bg6 18. Nd2 Qe6 19. Qf3 Nh7 20. Qe3 Rfe8 21. f4 exf4 22. Qxf4 d5 23. Qxc7 dxe4 24. Re3 f5 25.
gxf5 Bxf5 26. Rbe1 Rac8 27. Qg3 g5 28. Qg2 Nf6 29. Bg3 Nd5 30. Rxe4 Bxe4 31. Nxe4 Rcd8 32.
Nxg5 Qxe1+ 33. Bxe1 Rxe1+ 34. Kh2 Nf4 35. Qg3 Re2+ 36.
Kh1 Ng6 37. Nf3 Rde8 38. Qxg6+ Kf8 39. Ne5 1-0

[Event "*** Titled Tuesday Blitz"]
[Site "Chess.com"]
[Date "2018.10.02"]
[Round "1"]
[White "GMBenjaminFinegold"]
[Black "Blitzstream"]
[Result "0-1"]
[WhiteElo "2275"]
[BlackElo "2603"]
[TimeControl "180+2"]
[EndTime "13:08:27 PDT"]
[Termination "Blitzstream won by resignation"]

1. d4 Nf6 2. c4 c6 3. Nc3 d5 4. Nf3 e6 5. Bg5 h6 6. Bxf6 Qxf6 7. e3 Nd7 8. Bd3 dxc4 9. Bxc4 g6 10. O-O Bg7 11. Qe2 O-O 12. Rad1 b5 13. Bb3 Bb7 14. e4 Qe7 15. e5 a6 16. Rfe1 Rfd8 17. Ne4 c5 18. Nxc5 Nxc5 19. dxc5 Qxc5 20. h4 Bxf3 21. Qxf3 Bxe5 22. h5 g5 23. Rc1 Qd4 24. Rc6 Qf4 25. Qxf4 Bxf4 26. g3 Bd6 27. Rd1 Be5 28.
Rxd8+ Rxd8 29. Rc2 Kg7 30. Kf1 Kf6 31. Ke2 Rd6 32. a4 bxa4 33. Bxa4 g4 34. b3 Bd4 35. Rc6 Rxc6 36. Bxc6 Kg5 37. Be8 f5 38. Bf7 e5 39.
Bg6 a5 40. Be8 Bc5 41. Bf7 f4 42. Be8 Bb6 43. Bf7 Kf6 44. Be8 Ba7 45. Bd7 Kg5 46. Be8 Bb8 47. Bd7 f3+ 48. Kf1 e4 49. Be8 e3 0-1

[Event "*** Titled Tuesday Blitz"]
[Site "Chess.com"]
[Date "2018.10.02"]
[Round "1"]
[White "josmito10"]
[Black "luizzy"]
[Result "1-0"]
[WhiteElo "2760"]
[BlackElo "2421"]
[TimeControl "180+2"]
[EndTime "13:08:28 PDT"]
[Termination "josmito10 won by resignation"]

1. d4 d6 2. Nf3 Nf6 3. c4 Nbd7 4.
Nc3 g6 5. e4 Bg7 6. Be2 O-O 7.
O-O c5 8. d5 a6 9. a4 e6 10.
dxe6 fxe6 11. Qxd6 Qb6 12. Rd1 Ne8 13. Qxb6 Nxb6 14.
a5 Nd7 15. Be3 Nef6 16. h3 Nh5 17. Ng5 Re8 18. Rd6 Ne5 19. Rad1 Bf8 20. R6d2 Nc6 21. Na4 Nxa5 22. Nxc5 Ng7 23. Na4 Bb4 24. Rd8 Nc6 25. Rxe8+ Nxe8 26. Nb6 Rb8 27. Nxc8 Rxc8 28. Bg4 Ng7 29.
Nxe6 Re8 30. Nxg7 Kxg7 31. Rd7+ Re7 32. Rxe7+ Nxe7 33. Bd4+ Kf7 34. Bd7 Nc6 35. Bxc6 bxc6 36. f3 Ke6 37. Kf2 a5 38. b3 h5 39. g4 hxg4 40. hxg4 Bd6 41. Ke3 Bc7 42. f4 Bd8 43.
f5+ gxf5 44. gxf5+ Kf7 45. e5 Bg5+ 46. Ke4 Bd2 47. e6+ Ke7 48. Ke5 Bb4 49. f6+ Ke8 50. c5 Be1 51. Kd6 1-0

[Event "*** Titled Tuesday Blitz"]
[Site "Chess.com"]
[Date "2018.10.02"]
[Round "1"]
[White "Nathan_Filgueiras"]
[Black "Maikrosoft63"]
[Result "0-1"]
[WhiteElo "2202"]
[BlackElo "2554"]
[TimeControl "180+2"]
[EndTime "13:08:31 PDT"]
[Termination "Maikrosoft63 won by resignation"]

1. e4 c5 2. Nf3 Nc6 3. d4 cxd4 4. Nxd4 Nf6 5. Nc3 d6 6. Bg5 e6 7.
Qd2 a6 8. O-O-O Bd7 9. f3 b5 10. Kb1 Be7 11. h4 O-O 12. h5 b4 13. Nce2 Nxe4 14.
fxe4 Bxg5 15. Nxc6 Bxc6 16. Qxd6 Qxd6 17. Rxd6 Rfd8 18. e5 Rxd6 19. exd6 Rd8 20. Ng3 Rxd6 21. Bd3 Bxg2 22. Rg1 Bb7 23. Ne4 Bxe4 24. Bxe4 f5 25. Bd3 Bf6 26. Re1 Kf7 27. Kc1 g6 28. hxg6+ hxg6 29. Bc4 g5 30. a4 bxa3 31. bxa3 g4 32. Bd3 Bc3 33. Rh1 g3 34. Kd1 Kf6 35. Ke2 Kg5 36. Kf3 e5 37. Kxg3 e4 38. Be2 f4+ 39. Kf2 f3 40. Bc4 Bd4+ 41. Kg3 Be5+ 42. Kf2 Bf4 43. Rh8 Rd2+ 44. Kf1 Bg3 45. Rg8+ Kf4 46. Rf8+ Ke3 0-1

[Event "*** Titled Tuesday Blitz"]
[Site "Chess.com"]
[Date "2018.10.02"]
[Round "1"]
[White "Ramosha"]
[Black "Alexander_Moskalenko"]
[Result "1/2-1/2"]
[WhiteElo "2460"]
[BlackElo "2833"]
[TimeControl "180+2"]
[EndTime "13:08:37 PDT"]
[Termination "Game drawn by repetition"]

1. d4 d5 2. c4 c6 3. cxd5 Nf6 4. dxc6 Nxc6 5. Nf3 g6 6. Nc3 Bg7 7. e3 O-O 8. Be2 b6 9. O-O Bb7 10. b3 e6 11. Bb2 Re8 12. Rc1 Rc8 13. h3 Qd6 14.
Nb5 Qb8 15. Na3 Nb4 16. Rxc8 Rxc8 17. Qa1 a6 18. Rc1 b5 19. Bc3 Nbd5 20. Be1 Bf8 21.
Qb2 Ne4 22. Nb1 Rc7 23. Ba5 Rxc1+ 24. Qxc1 b4 25. Bf1 Ndc3 26. Nxc3 Nxc3 27. a3 Qc8 28. Qa1 Bxf3 29. gxf3 Qb7 30. Bxb4 Bxb4 31. axb4 Qxb4 32. Qxa6 Qxb3 33. Qc8+ Kg7 34. Qc4 Qb2 35. e4 Nd1 36. Be2 Nc3 37. Bf1 Nd1 38. Be2 Nc3 39. Bf1 Qd2 40. Qc5 h5 41. Qe5+ Kg8 42. Qb8+ Kg7 43.
Qe5+ Kf8 44. Qd6+ Kg8 45. Qb8+ Kh7 46. Qc7 Kg8 47. Qb8+ Kg7 48. Qe5+ 1/2-1/2

[Event "*** Titled Tuesday Blitz"]
[Site "Chess.com"]
[Date "2018.10.02"]
[Round "1"]
[White "51616516516"]
[Black "Didici"]
[Result "0-1"]
[WhiteElo "2299"]
[BlackElo "2613"]
[TimeControl "180+2"]
[EndTime "13:08:41 PDT"]
[Termination "Didici won by resignation"]

1. d4 d5 2. c4 e6 3. Nc3 Nf6 4.
cxd5 exd5 5. Bg5 Bb4 6. e3 h6 7. Bxf6 Qxf6 8. Bd3 c6 9. Ne2 Nd7 10. O-O Qe7 11. Rc1 Nf6 12. Ng3 g6 13. e4 dxe4 14. Ncxe4 O-O 15. a3 Bd6 16. Re1 Bf4 17. Rc3 Nd5 18.
Rb3 Qc7 19. Bc4 Nb6 20. Bd3 Be6 21. Rc3 Nd5 22. Rc5 Kg7 23. Qc2 Rae8 24. Rf1 Qd8 25. b4 a6 26. Bc4 Nc7 27. Bxe6 Nxe6 28. Rc4 Nxd4 29. Qb2 Be5 30. Qa2 Qd5 31. Rfc1 b5 32. R4c2 Nxc2 33. Qxc2 Bd4 34. h3 Re6 35. h4 Rfe8 36.
Re1 f5 0-1

[Event "*** Titled Tuesday Blitz"]
[Site "Chess.com"]
[Date "2018.10.02"]
[Round "1"]
[White "raviteja81293"]
[Black "DishonorOnYourCow"]
[Result "1-0"]
[WhiteElo "2563"]
[BlackElo "2243"]
[TimeControl "180+2"]
[EndTime "13:08:41 PDT"]
[Termination "raviteja81293 won by resignation"]

1. d4 Nf6 2. Nf3 g6 3. g3 Bg7 4. Bg2 d5 5. O-O O-O 6. Nbd2 Ne4 7. Nxe4 dxe4 8. Ne5 c5 9. c3 cxd4 10. cxd4 Qd5 11. Be3 Rd8 12. Rc1 Nd7 13. Nd3 Qxa2 14. Bxe4 Nf6 15. Bg2 Bf5 16. Ra1 Qc4 17. Bxb7 Rab8 18.
Rxa7 Ng4 19. Bf3 Bxd4 20. Bxd4 Qxd4 21. Rxe7 Bxd3 22. exd3 Ne5 23. Be4 Rxb2 24. Qc1 Kf8 25. Rc7 Ra2 26. Qc5+ Qxc5 27. Rxc5 Nxd3 28. Rc7 Ne5 29. h3 f5 30. Bb1 Rad2 31. Rxh7 Nf3+ 32. Kg2 Kg8 33. Re7 Ng5 34. h4 Ne4 35. Bxe4 fxe4 36. Rxe4 Rf8 37. Rg4 Kh7 38. Rg5 Kh6 39. Re5 Rf6 40.
Re3 Ra2 41. Rf3 Rc6 42. Re1 Rcc2 43. Re7 Rab2 44. Rf8 Kh5 45. Re5+ Kh6 46. Re7 g5 47. Rf6+ Kh5 48. Re5 1-0

[Event "*** Titled Tuesday Blitz"]
[Site "Chess.com"]
[Date "2018.10.02"]
[Round "1"]
[White "mc4chess"]
[Black "sergoy"]
[Result "1/2-1/2"]
[WhiteElo "2443"]
[BlackElo "2776"]
[TimeControl "180+2"]
[EndTime "13:08:47 PDT"]
[Termination "Game drawn by repetition"]

1. Nf3 d5 2. c4 c6 3. g3 Nf6 4.
Bg2 Bf5 5. b3 e6 6. O-O h6 7.
Bb2 Nbd7 8. d3 Be7 9. Nbd2 a5 10. Ne5 O-O 11. Ndf3 a4 12. bxa4 Nc5 13. cxd5 Nxa4 14. dxe6 Nxb2 15. Qb3 Na4 16. exf7+ Kh7 17. Qxb7 Nc5 18.
Qxc6 Ra5 19. Nc4 Bd7 20. Qb6 Qxb6 21. Nxb6 Be6 22. Ne5 Nb3 23. Nc6 Nxa1 24. Nxa5 Nc2 25. Nac4 Bxf7 26. a4 Nd4 27. e3 Ne2+ 28. Kh1 Bg6 29.
Ne5 Bd8 30. Nxg6 Kxg6 31. Nc4 Nc3 32. a5 Ng4 33. f4 Bxa5 34. Nxa5 Nxe3 35. Rc1 Rb8 36.
Be4+ Nxe4 37. dxe4 Ng4 38. Nc4 Rb4 39. Ne5+ Nxe5 40.
fxe5 Rxe4 41. Rc5 Kf5 42. Kg2 Rxe5 43. Rxe5+ Kxe5 44. Kf3 Kf5 45. g4+ Ke5 46. Ke3 g6 47.
h4 g5 48. h5 Kd5 49. Kd3 Ke5 50. Ke3 Kd5 51. Kd3 Ke5 52. Ke3 1/2-1/2

[Event "*** Titled Tuesday Blitz"]
[Site "Chess.com"]
[Date "2018.10.02"]
[Round "1"]
[White "Iball95"]
[Black "Jbd735"]
[Result "0-1"]
[WhiteElo "2579"]
[BlackElo "2303"]
[TimeControl "180+2"]
[EndTime "13:08:48 PDT"]
[Termination "Jbd735 won by checkmate"]

1. d4 d5 2. Bf4 c5 3. e3 Nf6 4. c3 Nc6 5. Nd2 e6 6. Ngf3 Bd6 7. Bg3 O-O 8. Bd3 Qe7 9. Ne5 Bxe5 10. dxe5 Nd7 11.
Nf3 b6 12. h4 h6 13. h5 Bb7 14. Qe2 Rfc8 15. Rh4 a6 16. Rg4 Kh8 17. Bh4 Qe8 18. Bg3 b5 19. Rd1 b4 20. Bb1 a5 21. Qc2 Nf8 22.
Bf4 Ba6 23. Nh4 Rab8 24. f3 Rb7 25. Kf2 Rcb8 26. b3 c4 27. e4 cxb3 28. axb3 bxc3 29.
Qxc3 Rxb3 30. Qd2 Rxb1 31. exd5 Rxd1 32. Qxd1 exd5 33. Qxd5 Ne6 34. Nf5 a4 35. Qd2 Nxf4 36. Qxf4 Qxe5 37. Qxa4 Rb2+ 38. Kg1 Rb1+ 39. Kf2 Qe1# 0-1

[Event "*** Titled Tuesday Blitz"]
[Site "Chess.com"]
[Date "2018.10.02"]
[Round "1"]
[White "wonderfultime"]
[Black "Alex_Terzi"]
[Result "1-0"]
[WhiteElo "2866"]
[BlackElo "2454"]
[TimeControl "180+2"]
[EndTime "13:08:50 PDT"]
[Termination "wonderfultime won by resignation"]

1. d4 Nf6 2. Nf3 g6 3. Bg5 Bg7 4. Nbd2 O-O 5. c3 d6 6. e4 c5 7. dxc5 dxc5 8. Bc4 h6 9. Be3 b6 10. h3 Bb7 11. Qc2 Nc6 12. O-O Qc7 13. Rfe1 Nh5 14. Rad1 Rad8 15. a4 e6 16. Bf1 Ne5 17. Nxe5 Qxe5 18.
a5 Qc7 19. axb6 axb6 20. Nc4 Rxd1 21. Rxd1 Rd8 22. Rxd8+ Qxd8 23. b4 cxb4 24. cxb4 Bd4 25. Qd2 Bf6 26. Qc2 Bd4 27. Qd3 Bf6 28. Bxb6 Qa8 29.
Nd6 Bc6 30. b5 Qb8 31. bxc6 Qxb6 32. Nxf7 Qxc6 33. Nxh6+ Kg7 34. Ng4 Be7 35. Qe3 g5 36.
e5 Nf4 37. g3 Bc5 38. Qd2 Ng6 39. Qxg5 Qe8 40. h4 Be7 41. Qh6+ Kf7 42. Bd3 Qg8 43. Qe3 Qh8 44. Qe4 Qh5 45. Kg2 Nf8 46. Qf3+ Ke8 47. Nf6+ 1-0

[Event "*** Titled Tuesday Blitz"]
[Site "Chess.com"]
[Date "2018.10.02"]
[Round "1"]
[White "Fins0905"]
[Black "Gerasimenyuk_Miha"]
[Result "1-0"]
[WhiteElo "2569"]
[BlackElo "2251"]
[TimeControl "180+2"]
[EndTime "13:08:51 PDT"]
[Termination "Fins0905 won by resignation"]

1. d4 d5 2. c4 Nc6 3. Nf3 e5 4. dxe5 d4 5. a3 a5 6. Nbd2 Nge7 7. Nb3 Nf5 8. Bg5 Be7 9. Bxe7 Qxe7 10. Nbxd4 Nfxd4 11.
Nxd4 Qxe5 12. e3 O-O 13. Nxc6 bxc6 14. Qd4 Qg5 15. h4 Qg6 16. Bd3 Qxg2 17. Be4 Qg4 18. Bxc6 Qxd4 19. exd4 Rb8 20. O-O-O Bg4 21. Rdg1 Be2 22.
Bb5 c6 23. Bxc6 Bxc4 24. Kb1 Rb6 25. d5 Rfb8 26. b4 axb4 27. a4 b3 28. Kb2 Ba6 29. Rd1 g6 30. Rhe1 Kg7 31. Re7 Kf6 32. Rc7 Be2 33.
Rd4 h5 34. Rf4+ Ke5 35. Rfxf7 Bg4 36. a5 Rb4 37. a6 Rc4 38. Bb7 Rc2+ 39. Rxc2 Bd1 40.
Rd2 1-0

[Event "*** Titled Tuesday Blitz"]
[Site "Chess.com"]
[Date "2018.10.02"]
[Round "1"]
[White "Ravan_02"]
[Black "andrzej"]
[Result "1-0"]
[WhiteElo "2552"]
[BlackElo "2200"]
[TimeControl "180+2"]
[EndTime "13:08:53 PDT"]
[Termination "Ravan_02 won by checkmate"]

1. c4 Nf6 2. Nc3 e6 3. d4 Bb4 4.
Nf3 c5 5. g3 O-O 6. Bg2 d5 7.
cxd5 Nxd5 8. Bd2 cxd4 9. Nxd4 Nxc3 10. bxc3 Bc5 11. Nb3 Be7 12. O-O Nc6 13. Qc2 Qc7 14.
c4 b6 15. Bf4 e5 16. Bxe5 Qxe5 17. Bxc6 Bf5 18. e4 Rac8 19. exf5 Rxc6 20. Rfe1 Qc7 21.
Rac1 Ba3 22. Rcd1 Rxc4 23. Qe2 Rc2 24. Qg4 Rd8 25. f6 g6 26. Nd4 Rc4 27. Nb5 Rxg4 28.
Nxc7 Rc8 29. Nb5 Bc5 30. Nxa7 Ra8 31. Nc6 Rga4 32. Rd8+ Rxd8 33. Nxd8 Rxa2 34. Re8+ Bf8 35. Nc6 Ra1+ 36. Kg2 h5 37. Ne7+ Kh7 38. Rxf8 g5 39. Rxf7+ Kh6 40. Rf8 Kh7 41. Rf7+ Kh6 42. Rg7 h4 43. g4 Rg1+ 44. Kxg1 b5 45. Nf5# 1-0

[Event "*** Titled Tuesday Blitz"]
[Site "Chess.com"]
[Date "2018.10.02"]
[Round "1"]
[White "Koksik_13"]
[Black "ajkom197"]
[Result "1-0"]
[WhiteElo "2706"]
[BlackElo "2383"]
[TimeControl "180+2"]
[EndTime "13:08:55 PDT"]
[Termination "Koksik_13 won by resignation"]

1. e4 c6 2. d4 d5 3. Nc3 dxe4 4. Nxe4 Nd7 5. Nf3 Ngf6 6. Ng3 c5 7. Bd3 e6 8. O-O Qc7 9. Qe2 Be7 10. Rd1 O-O 11. c4 a6 12. d5 exd5 13. Nf5 Bd6 14. cxd5 Re8 15. Qc2 Ne5 16. Nxd6 Qxd6 17. Nxe5 Qxe5 18. g3 Bh3 19. Bf4 Qh5 20. Bf1 Bxf1 21. Rxf1 Nxd5 22. Bd2 Re2 23. Rad1 Rae8 24. Qxc5 Qf3 25. Bc1 Nf6 26. Bf4 h5 27. Qc4 Rxf2 28. Rxf2 Qxd1+ 29. Kg2 Qd5+ 30. Qxd5 Nxd5 31. Bd6 f6 32. Rd2 Ne3+ 33. Kf3 Nc4 34. Rd4 Nxd6 35. Rxd6 Kf7 36. Rd5 g6 37. Rd4 Re7 38.
a4 g5 39. Rb4 b5 40. axb5 Rb7 41. b6 Ke6 42. Ke4 f5+ 43. Kd4 Kd6 44. Rb3 g4 45. Ke3 Ke5 46. Rb4 Ke6 47. Kf4 Kf6 48. Rb3 h4 49.
gxh4 Kg6 50. Rb4 a5 51. Rb5 a4 52. Rb4 Kf6 53. h5 Ke6 54. h6 Kf6 55. h7 1-0

[Event "*** Titled Tuesday Blitz"]
[Site "Chess.com"]
[Date "2018.10.02"]
[Round "1"]
[White "chesstatour"]
[Black "lavr92"]
[Result "0-1"]
[WhiteElo "2003"]
[BlackElo "2517"]
[TimeControl "180+2"]
[EndTime "13:09:08 PDT"]
[Termination "lavr92 won on time"]

1. c4 c6 2. e4 d5 3. cxd5 cxd5 4.
exd5 Nf6 5. Nc3 Nxd5 6. Qb3 Nb6 7. Bb5+ Bd7 8. Nf3 Bxb5 9. Qxb5+ Qd7 10. O-O e6 11. a4 Be7 12. d4 Qxb5 13. Nxb5 Nd5 14. Be3 Nc6 15. Rac1 a6 16. Nc3 Ncb4 17. Nxd5 Nxd5 18.
Ne1 Kd7 19. Nd3 Rhc8 20. Ne5+ Ke8 21. Rfd1 Bd6 22. Nc4 Kd7 23. g3 Rc7 24. Nd2 Rac8 25. Nb3 Rxc1 26. Rxc1 Rxc1+ 27. Nxc1 Kc6 28. Kf1 b5 29. b3 bxa4 30. bxa4 Nc3 31. a5 Bb4 32. Nd3 Bxa5 33. Ne5+ Kb5 34. Nxf7 Bc7 35. Ng5 e5 36. Ne6 Bd6 37. dxe5 Bxe5 38. Bd4 Bxd4 39. Nxd4+ Kc4 40. Nc6 Kc5 41. Na5 Kb5 42. Nb3 Kb4 43. Nd4 a5 44. f4 a4 45. g4 Nb5 46. Nc2+ Kc3 47. Ne3 a3 48. Nd5+ Kc4 49. Ne3+ Kb3 0-1

[Event "*** Titled Tuesday Blitz"]
[Site "Chess.com"]
[Date "2018.10.02"]
[Round "1"]
[White "Zarikovs1999"]
[Black "nearestway"]
[Result "0-1"]
[WhiteElo "2193"]
[BlackElo "2548"]
[TimeControl "180+2"]
[EndTime "13:09:11 PDT"]
[Termination "nearestway won by resignation"]

1. e4 c5 2. Nf3 d6 3. d4 cxd4 4.
Nxd4 Nf6 5. Nc3 a6 6. Be3 e5 7.
Nb3 Be7 8. f3 Be6 9. Be2 O-O 10.
O-O Nbd7 11. Qd2 Nb6 12. Rad1 Qc7 13. Bxb6 Qxb6+ 14. Kh1 Rac8 15. Nd5 Nxd5 16. exd5 Bd7 17. c4 f5 18. Na5 Qa7 19. b4 Rfe8 20. Bd3 Bf6 21.
Rfe1 g6 22. Re2 Kg7 23. Rde1 b6 24. Nb3 Ra8 25. Rc1 Rec8 26. Qc2 a5 27. a3 axb4 28. axb4 Qa3 29. Rb1 Qxb4 30. Nd4 Qc5 31. Ne6+ Bxe6 32. dxe6 Qc7 33. g3 Qc6 34. Kg2 Ra3 35. Rb3 Rca8 36. Rxa3 Rxa3 37. h3 h5 38. Qd2 Ra7 39. Qc2 Re7 40.
Qb3 Rxe6 41. c5 dxc5 42. Bc4 Rd6 43. Ra2 Qd7 44. h4 f4 45. Bb5 Rd2+ 46. Rxd2 Qxd2+ 47. Kh3 Qf2 48. gxf4 exf4 0-1

[Event "*** Titled Tuesday Blitz"]
[Site "Chess.com"]
[Date "2018.10.02"]
[Round "1"]
[White "Morshynska"]
[Black "nubair1198"]
[Result "1-0"]
[WhiteElo "2083"]
[BlackElo "2513"]
[TimeControl "180+2"]
[EndTime "13:09:13 PDT"]
[Termination "Morshynska won by checkmate"]

1. d4 Nf6 2. c4 g6 3. Nc3 Bg7 4. Nf3 O-O 5. g3 d5 6. Bg2 dxc4 7. Qa4 Nc6 8. Qxc4 Be6 9. Qd3 Nd5 10. a3 Nb6 11. e3 Bc4 12. Qc2 e5 13. dxe5 Re8 14.
Bd2 Bd3 15. Qd1 Nc4 16. b3 N4xe5 17. Nxe5 Nxe5 18. f4 Nc6 19. Kf2 Qe7 20. Re1 Rad8 21. Qc1 Nd4 22. exd4 Bxd4+ 23. Be3 Qc5 24. Nd1 Qb6 25.
Ra2 Qxb3 26. Rd2 Rxe3 27. Rxe3 Ba6 28. Rc2 Qb6 29. Rc3 c5 30. Kg1 Qf6 31. Kh1 Bxe3 32. Nxe3 b6 33. Ng4 Qd4 34. h4 Bd3 35. Ne5 Be4 36. Kh2 h5 37. Bxe4 Qxe4 38. Re3 Qd4 39. Qe1 Kg7 40. Nf3 Qb2+ 41. Re2 Qxa3 42. Ng5 Qb3 43.
Re7 Qd5 44. Rxf7+ Kg8 45. Qe7 Qa2+ 46. Kh3 Qb2 47. Qxd8# 1-0

[Event "*** Titled Tuesday Blitz"]
[Site "Chess.com"]
[Date "2018.10.02"]
[Round "1"]
[White "alishersuleymenov"]
[Black "Quiet_Desperation"]
[Result "1-0"]
[WhiteElo "2502"]
[BlackElo "1906"]
[TimeControl "180+2"]
[EndTime "13:09:28 PDT"]
[Termination "alishersuleymenov won by resignation"]

1. d4 Nf6 2. c4 e6 3. g3 Bb4+ 4. Bd2 Qe7 5. Nf3 Nc6 6. Nc3 Bxc3 7. Bxc3 Ne4 8. Rc1 Nxc3 9. Rxc3 d6 10. Bg2 O-O 11.
O-O e5 12. d5 Nb8 13. b4 c6 14.
e4 cxd5 15. cxd5 Na6 16. a3 Bd7 17. Qe2 f5 18. Nh4 f4 19. Rfc1 Qg5 20. Qd2 Qh6 21. R1c2 Rac8 22. Rxc8 Bxc8 23. Nf5 Bxf5 24. exf5 Rxf5 25.
Rc8+ Rf8 26. Qc2 Qf6 27. Be4 g6 28. Kg2 Kg7 29. Rxf8 Qxf8 30. Qa4 Qf7 31. Qb5 g5 32.
Qe2 h5 33. h3 Nc7 34. Qd1 Nb5 35. Qc1 Nd4 36. Qc8 fxg3 37. fxg3 h4 38. Qd8 Qf6 39. Qd7+ Kf8 40. Qc8+ Kg7 41. Qxb7+ Qf7 42. Qxf7+ Kxf7 43.
Kf2 Kf6 44. a4 a6 45. Bd3 hxg3+ 46. Kxg3 e4 47. Bxa6 Ke5 48. b5 Kxd5 49. Bb7+ Kc5 50. Bxe4 d5 51. Bd3 Nb3 52. Kg4 Kd4 53. Bf1 Ke3 54.
b6 d4 55. b7 1-0

[Event "*** Titled Tuesday Blitz"]
[Site "Chess.com"]
[Date "2018.10.02"]
[Round "1"]
[White "Caterpiller35"]
[Black "Lovkov_Roman"]
[Result "0-1"]
[WhiteElo "2326"]
[BlackElo "2637"]
[TimeControl "180+2"]
[EndTime "13:09:30 PDT"]
[Termination "Lovkov_Roman won by resignation"]

1. d4 Nf6 2. Bg5 e6 3. e4 h6 4. Bxf6 Qxf6 5. c3 d6 6. Nd2 g5 7.
Bd3 Bg7 8. Ne2 Qe7 9. O-O b6 10. f4 Bb7 11. f5 Nd7 12. Ng3 O-O-O 13. a4 h5 14. Nxh5 Bh6 15. g4 Nf6 16. Nxf6 Qxf6 17. fxe6 Qxe6 18. Qf3 Rd7 19. a5 Bg7 20. axb6 axb6 21.
Qf5 Rh4 22. Bc4 Rxg4+ 23. Kh1 Qxf5 24. Rxf5 Rxe4 25. d5 Re5 26. Raf1 Rxf5 27. Rxf5 g4 28. Kg2 Re7 29. Kf2 Bh6 30. Nf1 Bc1 31. b3 Bb2 32.
Ne3 Bxc3 33. Nxg4 Bd4+ 34. Kf3 Kd8 35. h4 Bc8 36. Rg5 Re8 37. h5 f5 38. Nh6 Re3+ 39.
Kf4 Re4+ 40. Kf3 Re8 41. Nf7+ Ke7 42. Nh6 Rf8 43. Ng8+ Kd8 44. Nh6 f4 45. Rg6 Bb7 46.
Ng4 b5 47. h6 bxc4 48. bxc4 Ke7 49. h7 Rh8 50. Rh6 Bg7 51. Rh5 Bc8 52. Kxf4 Kf7 53.
Ne3 Kg6 54. Rh3 Rxh7 55. Rxh7 Kxh7 56. Nf5 Bxf5 57. Kxf5 Bd4 58. Ke6 Bb6 59. Kd7 Kg6 60. Kc6 0-1

[Event "*** Titled Tuesday Blitz"]
[Site "Chess.com"]
[Date "2018.10.02"]
[Round "1"]
[White "Slovak_fighter2000"]
[Black "jerom555888"]
[Result "0-1"]
[WhiteElo "2374"]
[BlackElo "2697"]
[TimeControl "180+2"]
[EndTime "13:09:32 PDT"]
[Termination "jerom555888 won by resignation"]

1. d4 f5 2. Qd3 d5 3. Bf4 Nf6 4.
Nf3 Nc6 5. e3 e6 6. Qb3 Bd6 7.
Bxd6 cxd6 8. Bd3 O-O 9. O-O e5 10. Bb5 e4 11. Nfd2 f4 12. c4 Na5 13. Qd1 a6 14.
Ba4 fxe3 15. fxe3 dxc4 16. Bc2 d5 17. b3 b5 18. a4 Bg4 19. Qe1 Qc7 20. axb5 axb5 21.
bxc4 bxc4 22. Nc3 Be6 23. Qg3 Qxg3 24. hxg3 Nc6 25. Rfb1 Rxa1 26. Rxa1 Nb4 27. Bd1 Bg4 28.
Ba4 Ra8 29. Rb1 Na2 30. Bc6 Nxc3 31. Bxa8 Nxb1 32. Nxb1 Kf7 33. Nc3 Ke6 34. Kf2 Kd6 35. Bb7 Bd7 36. Ke2 Bc6 37. Bc8 Kc7 38. Bh3 Kd6 39.
Kd2 g6 40. Ne2 h5 41. Bc8 g5 42. Bf5 Bd7 43. Bg6 Be6 44. Kc3 Ke7 45. Kb4 Kf8 46. g4 hxg4 47. Ng3 Ke7 48. Bh5 Kd6 49. Bg6 Kc6 50.
Bf5 Bxf5 51. Nxf5 Nh5 52. Nh6 g3 53. Nf7 Nf4 54. exf4 gxf4 55. Ne5+ Kc7 56. Ng4 Kd6 57. Kc3 Ke6 58. Kd2 Kf5 59. Nh6+ Kg5 60. Nf7+ Kf6 61.
Ne5 Kf5 62. Ke2 c3 63. Nc6 c2 64. Kd2 f3 0-1

[Event "*** Titled Tuesday Blitz"]
[Site "Chess.com"]
[Date "2018.10.02"]
[Round "1"]
[White "Witik"]
[Black "kharov2001"]
[Result "1-0"]
[WhiteElo "2549"]
[BlackElo "2196"]
[TimeControl "180+2"]
[EndTime "13:09:33 PDT"]
[Termination "Witik won by checkmate"]

1. d4 Nf6 2. Bf4 d5 3. e3 c5 4. c3 Nc6 5. Nd2 e6 6. Bd3 cxd4 7. cxd4 Bd6 8. Bxd6 Qxd6 9. f4 O-O 10. Ngf3 Ne7 11. Ne5 Nf5 12. Qf3 Qb4 13. Rb1 Qa5 14.
a3 h6 15. Ke2 Nd6 16. g4 Nfe4 17. Nxe4 dxe4 18. Bxe4 f6 19. Ng6 Rd8 20. Bd3 Rb8 21. Rhc1 b5 22. Ne7+ Kh8 23. Nc6 Qb6 24. Nxb8 Qxb8 25.
Qc6 Bb7 26. Qc7 Qa8 27. Kd2 Ne4+ 28. Bxe4 Bxe4 29. Ra1 e5 30. fxe5 fxe5 31. Qxe5 Bg6 32. Rc7 Qg2+ 33. Kc3 Qc2+ 34. Kb4 Qa4+ 35. Kc3 Qc2+ 36.
Kb4 Qxb2+ 37. Ka5 Qd2+ 38. Ka6 Rg8 39. Rac1 Qb2 40. Qd6 Bd3 41. R1c3 Be4 42. Ka5 Qb1 43. Rxg7 Rxg7 44. Qxh6+ Bh7 45. Rc8+ Rg8 46. Qf6# 1-0

[Event "*** Titled Tuesday Blitz"]
[Site "Chess.com"]
[Date "2018.10.02"]
[Round "1"]
[White "EndgameGrinder"]
[Black "Zhuu96"]
[Result "1/2-1/2"]
[WhiteElo "2483"]
[BlackElo "2895"]
[TimeControl "180+2"]
[EndTime "13:09:36 PDT"]
[Termination "Game drawn by repetition"]

1. e4 c5 2. Nf3 Nc6 3. d4 cxd4 4.
Nxd4 e5 5. Nb5 d6 6. N1c3 a6 7. Na3 Be7 8. Nc4 Nf6 9. Be3 Be6 10. Nb6 Rb8 11. Be2 O-O 12. O-O Nd7 13. Ncd5 Nxb6 14. Bxb6 Qd7 15. Nxe7+ Nxe7 16. Qd2 Qc6 17. Be3 d5 18. exd5 Bxd5 19. f3 Rfd8 20. Rfd1 Qc7 21. Qb4 b5 22. c3 Bc4 23. Rxd8+ Qxd8 24. Rd1 Nd5 25. Qc5 Rc8 26. Rxd5 Bxd5 27. Qa7 Bxa2 28. Qxa6 Bc4 29. Kf2 h6 30. g3 Ra8 31. Qc6 Ra2 32. Bc1 Bxe2 33. Kxe2 Ra1 34. Bd2 Rh1 35.
Be1 Rxh2+ 36. Bf2 Rh1 37. Qxb5 Qd1+ 38. Ke3 Re1+ 39. Bxe1 Qxe1+ 40. Qe2 Qxg3 41. b4 f5 42. b5 e4 43. c4 Kh7 44. Qd1 Qe5 45. Qc2 Qg3 46.
Qd1 Qg5+ 47. Kf2 Qh4+ 48. Ke3 Qe7 49. Qc2 Qa3+ 50. Kd4 Qxf3 51. b6 e3 52. Kd3 Qe4+ 53. Kc3 Qe5+ 54. Kd3 Qd6+ 55. Ke2 Qh2+ 56. Kd3 Qf4 57.
Ke2 Qh2+ 58. Kd3 Qd6+ 59. Ke2 Qxb6 60. Qxf5+ Qg6 61. Qf4 Qc2+ 62. Kxe3 Qc3+ 63. Kf2 Kg6 64. Qd6+ Kf5 65. c5 Qe5 66. Qd7+ Kf4 67. c6 Qe3+ 68.
Kf1 Qc1+ 69. Kf2 Qc2+ 70. Kf1 Qc1+ 71. Kf2 Qc2+ 72. Kf1 Qc1+ 1/2-1/2